 Dungeon Crawl Stone Soup version 0.23.2-1-ga50397a (webtiles) character file.

Game seed: 6530509355019466322

2296 whitewolfNL the Basher (level 9, -5/81 HPs)
             Began as a Minotaur Berserker on May 27, 2019.
             Was an Elder of Trog.
             Killed by divine providence
             ... invoked by an orc priest
              (14 damage)
             ... on level 7 of the Dungeon.
             The game lasted 00:17:04 (6277 turns).

whitewolfNL the Basher (Minotaur Berserker)         Turns: 6277, Time: 00:17:06

Health: -5/81      AC: 12    Str: 28    XL:     9   Next: 17%
Magic:  10/10      EV:  9    Int:  4    God:    Trog [****..]
Gold:   492        SH:  5    Dex: 13    Spells: 8/8 levels left

rFire    + . .     SeeInvis .   o - +0 flail
rCold    . . .     Gourm    .   M - +0 buckler
rNeg     . . .     Faith    .   A - +0 chain mail
rPois    .         Spirit   .   C - +0 hat
rElec    .         Reflect  .   v - +1 cloak
rCorr    .         Harm     .   E - +0 pair of gloves
MR       .....                  (no boots)
Stlth    ..........             (no amulet)
HPRegen  0.23/turn              p - ring of protection from fire
MPRegen  0.12/turn              n - +6 ring of strength

@: berserk cooldown, slowed, very slow
A: retaliatory headbutt, horns 2
a: Berserk, Trog's Hand, Brothers in Arms, Renounce Religion


You were on level 7 of the Dungeon.
You worshipped Trog.
Trog was greatly pleased with you.
You were hungry.

You visited 2 branches of the dungeon, and saw 8 of its levels.

You collected 492 gold pieces.

Inventory:

Hand Weapons
 o - a +0 flail (weapon)
 u - a +0 hunting sling
 J - a +1 short sword of flaming
 N - a +2 war axe of venom
Missiles
 g - 45 sling bullets
 h - 132 arrows
 k - 70 stones (quivered)
 r - 6 needles of confusion
 t - 10 tomahawks
 w - 42 bolts
 O - a throwing net
Armour
 v - a +1 cloak (worn)
 A - a +0 chain mail (worn)
 C - a +0 hat (worn)
 E - a +0 pair of gloves (worn)
 M - a +0 buckler (worn)
Jewellery
 n - a +6 ring of strength (right hand)
 p - a ring of protection from fire (left hand)
Wands
 a - a wand of enslavement (9)
 y - a wand of random effects (18)
 H - a wand of acid (7)
 P - a wand of iceblast (7)
Scrolls
 b - a scroll of fog {unknown}
 f - 2 scrolls of remove curse {unknown}
 i - 3 scrolls of magic mapping
 l - a scroll of teleportation {unknown}
 q - 3 scrolls of immolation {unknown}
 s - 2 scrolls of fear {unknown}
 x - a scroll of random uselessness {unknown}
 z - 3 scrolls of identify {unknown}
 B - a scroll of enchant armour {unknown}
 I - a scroll of silence {unknown}
Potions
 d - 3 potions of brilliance {unknown}
 e - 3 potions of haste {unknown}
 j - a potion of cancellation {unknown}
 m - 3 potions of lignification {unknown}
 D - 2 potions of invisibility {unknown}
 F - a potion of resistance {unknown}
 G - 2 potions of curing {unknown}
 K - a potion of mutation {unknown}
Comestibles
 c - 21 rations
 L - 3 chunks of flesh


   Skills:
 + Level 8.1 Fighting
 * Level 10.8 Maces & Flails
 + Level 2.1 Throwing
 - Level 2.4 Armour
 - Level 2.1 Dodging
 - Level 4.0 Shields
 + Level 3.9 Evocations


You had 8 spell levels left.
You didn't know any spells.
Your spell library was empty.

Dungeon Overview and Level Annotations

Branches:
Dungeon (7/15)             Temple (1/1) D:6

Altars:
Ashenzari
Cheibriados
Elyvilon
Gozag
Hepliaklqana
Kikubaaqudgha
Makhleb
Nemelex Xobeh
Okawaru
Qazlal
Sif Muna
Uskayaw
Vehumet
Wu Jian
Xom
Yredelemnul
Zin
The Shining One

Shops:
D:4 [


Innate Abilities, Weirdness & Mutations

You reflexively headbutt those who attack you in melee.
You have a pair of horns on your head.


Message History

The orc warrior hits you with a +0 halberd!!
You hear a shout!
You closely miss the orc warrior. Your headbutt misses the orc warrior.
The orc warrior is lightly wounded.
The orc warrior closely misses you.
You sock the orc warrior!
The orc warrior is heavily wounded.
The orc warrior hits you with a +0 halberd.
* * * LOW HITPOINT WARNING * * *
The orc priest invokes the aid of Beogh against you.
Beogh smites you!
* * * LOW HITPOINT WARNING * * *
You hear a shout!
As you read the scroll labeled FERPHU BOLEOMPY, it crumbles to dust.
You feel aware of your surroundings.
It was a scroll of magic mapping.
You block the orc warrior's attack.
An orc comes into view.
The orc priest invokes the aid of Beogh against you.
Beogh smites you!
You die...

*,,,,,,,,,,..#,,,,,,,*
*,*********#.#,*****,*
*,*********#.#,*,,,*,*
*,*,,,,,,..#.#,...,*,*#######
*,*,*#####.#.###.#**,*#......
*,#,,......#.#....,,,*#......
*.#.,,.....#.#.#.#****#...[..
*,...,,..#.#.#.#.# #......
***,..,#.#.#@#.#.# #......
#####.#.#.#o#.#.######......
#....>....Oog......).)......
#.#..<.Z............).......
*,##Og....#.###)#####.......
****+#.g...#.#.#.......#.......
*,,,...#######o#.#.###.#.......
*,,o...'.....o.#...###'#.......
*,,Zo.,#######.................


You could see an orc warrior, an ogre, 2 orc priests, a gnoll and an orc.

Vanquished Creatures
  Menkaure (D:4)
  A phantom (D:6)
  5 ogres
  A hornet zombie (D:7)
  3 centaurs
  3 bullfrogs
  A scorpion (D:7)
  A vampire bat (D:6)
  A crimson imp (D:6)
  A centaur zombie (D:5)
  2 bullfrog zombies
  7 orc wizards
  6 orc priests
  2 hounds (D:6)
  A bullfrog skeleton (D:5)
  Ijyb (D:4)
  Natasha (twice) (D:3)
  5 worker ants
  A worker ant zombie (D:5)
  7 gnolls
  6 adders
  A shadow imp (D:2)
  An ooze (D:4)
  An adder skeleton (D:7)
  An adder zombie (D:6)
  A worm (D:5)
  A dart slug (D:2)
  5 leopard geckos
  26 orcs
  2 bat skeletons (D:6)
  4 bat zombies (D:6)
  7 giant cockroaches
  9 goblins
  9 hobgoblins
  5 jackals
  9 kobolds
  2 quokkas
  3 ball pythons
  9 bats
  8 frilled lizards
  A jackal zombie (D:7)
  A leopard gecko zombie (D:5)
  2 quokka skeletons (D:4)
  5 rats
171 creatures vanquished.

Notes
Turn   | Place    | Note
-------+----------+-------------------------------------------
     0 | D:1      | whitewolfNL the Minotaur Berserker began the quest for the
                  | Orb.
     0 | D:1      | Reached XP level 1. HP: 19/19 MP: 0/0
    60 | D:1      | Reached skill level 4 in Maces & Flails
   139 | D:1      | Reached XP level 2. HP: 26/27 MP: 1/1
   744 | D:2      | Reached XP level 3. HP: 27/33 MP: 2/2
   749 | D:2      | Reached ** piety under Trog
   758 | D:2      | Reached skill level 5 in Maces & Flails
   763 | D:2      | Reached XP level 4. HP: 29/41 MP: 3/3
  1696 | D:3      | Reached skill level 6 in Maces & Flails
  1735 | D:3      | Reached XP level 5. HP: 41/47 MP: 4/4
  1744 | D:3      | Reached skill level 5 in Fighting
  1952 | D:3      | Found a shattered altar of Ashenzari.
  2045 | D:3      | Found a sparkling altar of Nemelex Xobeh.
  2053 | D:3      | Reached skill level 7 in Maces & Flails
  2115 | D:3      | Noticed Natasha
  2126 | D:3      | Killed Natasha
  2126 | D:3      | Reached *** piety under Trog
  2126 | D:3      | Reached XP level 6. HP: 56/56 MP: 5/5
  2282 | D:3      | Noticed Natasha
  2285 | D:3      | Killed Natasha
  2381 | D:3      | Found an iron altar of Okawaru.
  2638 | D:4      | Found Daczas's Armour Shop.
  2711 | D:4      | Noticed Ijyb
  2719 | D:4      | Killed Ijyb
  3037 | D:4      | Found a sparkling altar of Nemelex Xobeh.
  3226 | D:4      | Noticed Menkaure
  3231 | D:4      | Killed Menkaure
  3231 | D:4      | Reached skill level 8 in Maces & Flails
  3231 | D:4      | Reached skill level 1 in Shields
  3231 | D:4      | Reached XP level 7. HP: 41/63 MP: 6/6
  3556 | D:5      | Entered Level 5 of the Dungeon
  3563 | D:5      | Reached skill level 1 in Evocations
  3956 | D:5      | Reached **** piety under Trog
  3956 | D:5      | Reached skill level 9 in Maces & Flails
  3956 | D:5      | Reached XP level 8. HP: 11/71 MP: 8/8
  3995 | D:5      | Found a glowing silver altar of Zin.
  3996 | D:5      | Found a burning altar of Makhleb.
  4885 | D:6      | Found an ancient bone altar of Kikubaaqudgha.
  5094 | D:6      | Reached skill level 10 in Maces & Flails
  5422 | D:6      | Found a staircase to the Ecumenical Temple.
  5433 | Temple   | Entered the Ecumenical Temple
  5655 | D:7      | Reached skill level 1 in Throwing
  5754 | D:7      | Reached XP level 9. HP: 70/81 MP: 10/10
  5944 | D:7      | Received a gift from Trog
  6277 | D:7      | Killed from afar by an orc priest

Skill      XL: |  1  2  3  4  5  6  7  8  9 |
---------------+----------------------------+-----
Maces & Flails | 4 5 6 7 8 9 10 | 10.8
Fighting       | 4 5 6 7 8 |  8.1
Shields        | 1 3 4 |  4.0
Evocations     | 2 3 |  3.9
Throwing       | 1 2 |  2.1
Armour         | |  2.4
Dodging        | |  2.1

Action                   |  1- 3 |  4- 6 |  7- 9 || total
-------------------------+-------+-------+-------++-------
Melee: Mace              |    66 |     3 |       ||    69
       Headbutt          |     6 |    23 |    49 ||    78
       Flail             |       |   153 |   214 ||   367
Invok: Berserk           |     2 |     3 |     7 ||    12
  Use: Scroll            |       |       |     1 ||     1
  Eat: Chunk             |       |    12 |    15 ||    27
Armor: Ring mail         |    25 |     9 |       ||    34
       Animal skin       |     1 |       |       ||     1
       Chain mail        |       |    59 |   123 ||   182
Dodge: Dodged            |    37 |    97 |    97 ||   231
Block: Buckler           |       |       |    10 ||    10
